 Dungeon Crawl Stone Soup version 0.28.0-53-g5a82cb258f (webtiles) character file.

Game seed: 4214103259412042949

311 sanboga the Ruffian (level 6, -1/61 HPs)
             Began as a Troll Berserker on July 29, 2022.
             Was an Elder of Trog.
             Slain by a gnoll
             ... wielding a +0 spear
              (3 damage)
             ... on level 3 of the Dungeon.
             The game lasted 00:03:21 (2484 turns).

sanboga the Ruffian (Troll Berserker)               Turns: 2484, Time: 00:03:22

Health: -1/61      AC:  4    Str: 28    XL:     6   Next: 18%
Magic:  5/5        EV: 14    Int:  3    God:    Trog [****..]
Gold:   119        SH:  0    Dex:  9    Spells: 5/5 levels left

rFire   . . .      SeeInvis .     - Unarmed
rCold   . . .      Faith    .   (no shield)
rNeg    . . .      Spirit   .   a - +0 animal skin
rPois   .          Reflect  .   (helmet restricted)
rElec   .          Harm     .   (no cloak)
rCorr   .          Rampage  .   (gloves unavailable)
Will    .....                   (boots unavailable)
Stlth   +.........              (no amulet)
HPRegen 1.00/turn               f - +4 ring of evasion
MPRegen 0.09/turn               (no ring)

@: on berserk cooldown, slowed, very slow
A: large, unfitting armour, claws 3, regeneration 1, shaggy fur 1, tough skin 1
a: Renounce Religion, Berserk, Trog's Hand, Brothers in Arms


You were on level 3 of the Dungeon.
You worshipped Trog.
Trog was greatly pleased with you.
You visited 1 branch of the dungeon, and saw 3 of its levels.

You collected 119 gold pieces.

Inventory:

Armour
 a - a +0 animal skin (worn)
Jewellery
 f - a +4 ring of evasion (left claw)
Scrolls
 b - a scroll of enchant armour {unknown}
 c - 2 scrolls of noise {unknown}
 e - 3 scrolls of identify
 h - a scroll of immolation
 j - a scroll of vulnerability {unknown}
Potions
 d - 4 potions of cancellation {unknown}
 g - a potion of flight {unknown}
 i - a potion of degeneration {unknown}
 k - a potion of brilliance {unknown}


   Skills:
 + Level 3.5 Fighting
 + Level 3.5 Dodging
 * Level 5.4 Unarmed Combat


You had 5 spell levels left.
You didn't know any spells.
Your spell library was empty.

Dungeon Overview and Level Annotations

Branches:
Dungeon (3/15)

Altars:
Yredelemnul

Shops:
D:3 =


Innate Abilities, Weirdness & Mutations

You are too large for most types of armour.
You have claws for hands.
Your natural rate of healing is unusually fast.
You are covered in fur. (AC +1)
You have tough skin. (AC +1)


Message History

The gnoll barely misses you.
You barely miss the goblin.
You are no longer berserk.
You are exhausted.
You feel yourself slow down. The hobgoblin completely misses you.
The hobgoblin closely misses you. The gnoll closely misses you.
The gnoll hits you from afar with a +0 halberd.
The goblin closely misses you.
You closely miss the hobgoblin.
The hobgoblin hits you with a +0 club. x2
* * * LOW HITPOINT WARNING * * *
The gnoll barely misses you.
The gnoll hits you from afar with a +0 halberd!
* * * LOW HITPOINT WARNING * * *
The goblin hits you with a +0 club.
* * * LOW HITPOINT WARNING * * *
You barely miss the goblin. The hobgoblin barely misses you.
The hobgoblin hits you with a +0 club.
* * * LOW HITPOINT WARNING * * *
The gnoll closely misses you. x2; The goblin hits you with a +0 club.
* * * LOW HITPOINT WARNING * * *
The hobgoblin hits you with a +0 club.
* * * LOW HITPOINT WARNING * * *
The hobgoblin closely misses you.
You are too injured to fight recklessly!
You claw the goblin!
You kill the goblin!
Trog accepts your kill. The gnoll hits you but does no damage.
The gnoll closely misses you. The hobgoblin hits you with a +0 club.
* * * LOW HITPOINT WARNING * * *
The hobgoblin closely misses you. The gnoll misses you.
The gnoll completely misses you.
As you read the scroll labelled ZUREZE BIPT, it crumbles to dust.
It is a scroll of identify.
h - a scroll of immolation The gnoll misses you.
The hobgoblin closely misses you. The hobgoblin hits you with a +0 club.
* * * LOW HITPOINT WARNING * * *
The gnoll hits you from afar with a +0 spear.
You die...

≈≈≈≈≈≈≈≈≈≈≈≈≈≈≈≈≈≈≈≈≈#####≈≈≈≈≈≈≈
###################### #≈≈≈≈≈≈≈
......#........ #≈≈≈≈≈≈≈
.....)'........ #######........
##' ..........##### ....
....(.....# .....
.........)########g.....
#######....))†).@gg..#
.....))....)...)ggg..#
.....)#..............#
######################


You could see 3 gnolls, 2 hobgoblins and a goblin.

Vanquished Creatures
  A hound (D:3)
  Jessica (D:3)
  An iguana (D:3)
  8 gnolls
  An adder (D:3)
  A worm (D:2)
  2 dart slugs (D:1)
  3 orcs (D:3)
  3 endoplasms (D:1)
  2 giant cockroaches
  23 goblins
  38 hobgoblins
  3 jackals (D:3)
  6 quokkas
  7 ball pythons
  5 bats
  2 frilled lizards (D:1)
  A giant cockroach zombie (D:3)
  5 kobolds
  2 quokka zombies (D:3)
  3 rats
118 creatures vanquished.

Notes
Turn   | Place    | Note
-------+----------+-------------------------------------------
     0 | D:1      | sanboga the Troll Berserker began the quest for the Orb.
     0 | D:1      | Reached XP level 1. HP: 22/22 MP: 0/0
   160 | D:1      | Reached XP level 2. HP: 29/29 MP: 1/1
   474 | D:1      | Reached XP level 3. HP: 36/36 MP: 2/2
   495 | D:1      | Reached ** piety under Trog
   940 | D:2      | Found a faded altar of an unknown god.
  1141 | D:2      | Reached skill level 4 in Unarmed Combat
  1649 | D:3      | Reached XP level 4. HP: 44/44 MP: 3/3
  1715 | D:3      | Found Engim's Jewellery Emporium.
  1942 | D:3      | Found a basalt altar of Yredelemnul.
  2030 | D:3      | Noticed Jessica
  2047 | D:3      | Reached XP level 5. HP: 49/53 MP: 4/4
  2054 | D:3      | Killed Jessica
  2137 | D:3      | Reached *** piety under Trog
  2234 | D:3      | Reached skill level 5 in Unarmed Combat
  2401 | D:3      | Reached **** piety under Trog
  2430 | D:3      | Reached XP level 6. HP: 53/61 MP: 5/5
  2484 | D:3      | HP: 2/61 [hobgoblin/+0 club (3)]
  2484 | D:3      | Slain by a gnoll

Illustrated notes

Levels and vault maps discovered:
D:1:      dpeg_arrival_simpleton_a, layout_basic,
          amcnicky_mini_rare_corridor_liquid
D:2:      layout_basic, ebering_ecumenical_altar_box
D:3:      minmay_goblin_kobold_castle, layout_basic,
          nicolae_yredelemnul_corpse_copse, serial_glass, glass_columns_c,
          glass_columns_b, glass_columns_a, glass_columns_a, serial_shops,
          shop_statue, uniq_jessica

Skill      XL: |  1  2  3  4  5 |
---------------+----------------+-----
Unarmed Combat | 4 5 |  5.4
Fighting       | 3 |  3.5
Dodging        | 3 |  3.5

Action                   |  1- 3 |  4- 6 || total
-------------------------+-------+-------++-------
Melee: Unarmed           |   103 |   190 ||   293
       Punch             |       |     4 ||     4
Invok: Berserk           |       |     1 ||     1
  Use: Scroll            |       |     1 ||     1
 Stab: Sleeping          |     1 |     1 ||     2
Armor: Animal skin       |    22 |    45 ||    67
Dodge: Dodged            |    60 |   200 ||   260
